 Dungeon Crawl Stone Soup version 0.30-b1-2-g02819fbbbe (webtiles) character file.

Game seed: 15714385251671778362

53566 Alarkh the Fighter (level 14, -1/175 HPs)
             Began as a Demonspawn Artificer on July 11, 2023.
             Was the Champion of Uskayaw.
             Slain by an orc knight
             ... wielding a +3 heavy great sword
              (25 damage)
             ... on level 2 of the Orcish Mines.
             The game lasted 00:42:42 (23298 turns).

Alarkh the Fighter (Demonspawn Artificer)          Turns: 23298, Time: 00:42:43

Health: -1/175     AC: 18    Str: 14      XL:     14   Next: 31%
Magic:  21/21      EV: 16    Int: 15 (17) God:    Uskayaw [******]
Gold:   1662       SH:  7    Dex: 13      Spells: 13/13 levels left

rFire   + . .        a - +0 dagger (elec)
rCold   . . .        (no shield)
rNeg    . . .        N - +0 acid dragon scales
rPois   +            h - +0 hat of Uskayaw's Generosity {rPois rF+ Str+2 Dex-2}
rElec   .            (no cloak)
rCorr   +            (no gloves)
SInv    +            F - +1 pair of boots {Stlth+}
Will    +....        j - amulet of reflection Stlth
                     Z - +4 ring of protection
HPRegen 1.49/turn    U - ring of the Octopus King {HP+2 AC+2 EV+2 SH+2 SInv}
MPRegen 0.17/turn

%: random rage (3%), reflection
@: berserking, very quick
A: demonic guardian 1, powered by death 1, sharp scales 2, demonic touch 2,
berserk 1
a: Renounce Religion, Stomp, Line Pass, Grand Finale


You were on level 2 of the Orcish Mines.
You worshipped Uskayaw.
Uskayaw was aware of your devotion.
You visited 4 branches of the dungeon, and saw 19 of its levels.

You collected 1830 gold pieces.
You spent 168 gold pieces at shops.

Inventory:

Hand Weapons
 a - a +0 dagger of electrocution (weapon)
 b - the +9 long sword "Olun" {protect, Fly rF++ Int-2}
   (You found it on level 10 of the Dungeon)

   Int:       It affects your intelligence (-2).
   rF:        It greatly protects you from fire.
   Fly:       It grants you flight.
 w - a +0 arbalest
 x - a +1 dagger of speed
Armour
 h - the +0 hat of Uskayaw's Generosity (worn) {rPois rF+ Str+2 Dex-2}
   (You found it on level 2 of the Lair of Beasts)

   Str:       It affects your strength (+2).
   Dex:       It affects your dexterity (-2).
   rF:        It protects you from fire.
   rPois:     It protects you from poison.
 F - a +1 pair of boots of stealth (worn)
 N - +0 acid dragon scales (worn)
Jewellery
 f - a ring of protection from cold
 j - an amulet of reflection (around neck)
 U - a ring of the Octopus King (right hand) {HP+2 AC+2 EV+2 SH+2 SInv}
   (You found it on level 11 of the Dungeon)

   [ring of see invisible]

   AC:        It affects your AC (+2).
   EV:        It affects your evasion (+2).
   HP:        It affects your health (+2).
   SInv:      It lets you see invisible.
   SH:        It affects your SH (+2).
 Z - a +4 ring of protection (left hand)
Wands
 c - a wand of flame (16) (quivered)
 d - a wand of charming (5)
 e - a wand of iceblast (4)
 G - a wand of mindburst (24)
 I - a wand of roots (4)
 K - a wand of polymorph (8)
 P - a wand of quicksilver (3)
Scrolls
 i - 5 scrolls of teleportation
 m - 2 scrolls of fog
 n - 4 scrolls of fear
 q - 3 scrolls of poison
 v - 3 scrolls of summoning
 B - a scroll of magic mapping
 H - a scroll of silence {unknown}
 W - 2 scrolls of blinking {unknown}
Potions
 k - 7 potions of curing
 l - a potion of haste
 p - 4 potions of flight
 r - 2 potions of heal wounds
 t - a potion of cancellation
 u - a potion of invisibility
 z - a potion of resistance
 S - a potion of might
 V - a potion of berserk rage {unknown}
 X - a potion of lignification {unknown}


   Skills:
 + Level 12.0 Fighting
 * Level 11.0 Short Blades
 + Level 8.3 Armour
 + Level 8.1 Dodging
 + Level 8.9 Stealth
 + Level 2.8 Unarmed Combat
 + Level 9.8 Invocations
 + Level 9.3 Evocations


You had 13 spell levels left.
You didn't know any spells.
Your spell library contained the following spells:

 Spells                   Type           Power      Damage    Failure   Level
 Freeze                   Ice            0%         1d3       34%         1
 Sting                    Tmut/Pois      0%         1d3       34%         1
 Summon Small Mammal      Summ           0%         N/A       34%         1
 Poisonous Vapours        Pois/Air       0%         N/A       47%         2
 Call Canine Familiar     Summ           0%         N/A       71%         3
 Frozen Ramparts          Ice            0%         1d1       71%         3
 Hailstorm                Conj/Ice       0%         3d3       71%         3
 Inner Flame              Hex/Fire       0%         N/A       71%         3
 Mephitic Cloud           Conj/Pois/Air  0%         N/A       71%         3
 Portal Projectile        Hex/Tloc       0%         N/A       71%         3
 Summon Guardian Golem    Hex/Summ       0%         N/A       71%         3
 Vhi's Electric Charge    Tloc/Air       0%         N/A       71%         3
 Animate Dead             Necr           0%         N/A       98%         4
 Flame Wave               Conj/Fire      0%         2d4       98%         4
 Olgreb's Toxic Radiance  Pois           0%         N/A       98%         4
 Sticky Flame             Conj/Fire      0%         2d3       98%         4
 Arcjolt                  Conj/Air       0%         1d10      100%        5
 Borgnjor's Vile Clutch   Necr/Erth      0%         N/A       100%        5
 Freezing Cloud           Conj/Ice/Air   0%         6-21      100%        5
 Death Channel            Necr           0%         N/A       100%        6
 Plasma Beam              Fire/Air       0%         2x1d11    100%        6
 Enfeeble                 Hex            0%         N/A       100%        7


Dungeon Overview and Level Annotations

Branches:
Dungeon (11/15)            Temple (1/1) D:6            Lair (5/5) D:10
 Shoals (0/4) Lair:3        Snake (0/4) Lair:2        Slime (0/5) Lair:4
    Orc (2/2) D:9             Elf (0/3) Orc:2

Altars:
Ashenzari
Cheibriados
Dithmenos
Fedhas
Gozag
Hepliaklqana
Kikubaaqudgha
Makhleb
Nemelex Xobeh
Okawaru
Qazlal
Ru
Sif Muna
Trog
Uskayaw
Vehumet
Wu Jian
Xom
Yredelemnul
Jiyva

Shops:
D:2 !   D:7 [   Orc:2 :

Annotations:
D:4 2 runed translucent doors, MrCrawl's ghost, amateur DsNe
D:11 1 runed translucent door, diceflayer's ghost, journeyman DsHu
Lair:2 exclusion: oklob plant


Innate Abilities, Weirdness & Mutations

A weak demonic guardian rushes to your aid.
You regenerate a little health from kills.
You are mostly covered in razor-sharp scales. (AC +2, Slay +2)
Your touch may inflict irresistible damage on your foes.
You sometimes lose your temper in combat.


Message History

The orc knight is lightly wounded.
You puncture the orc knight! Your touch misses the orc knight.
The orc knight is moderately wounded.
The orc high priest invokes the aid of Beogh against you.
Pain shoots through your body!
* * * LOW HITPOINT WARNING * * *
The orc priest hits your orc warrior with a +0 mace!
The neqoxec is engulfed in seething chaos.
The neqoxec hits you but does no damage.
Your ogre closely misses the neqoxec.
Your ogre misses the neqoxec. You barely miss the orc knight.
You touch the orc knight!
The orc knight is heavily wounded.
The sun demon hits your orc warrior!
Your orc warrior is engulfed in flames!
Your orc warrior dies!
Your orc warrior's corpse dissolves into shadows!
Unknown command.
You hit the orc knight.
The orc knight is heavily wounded.
Unknown command.
You hit the orc knight but do no damage.
The orc knight is heavily wounded.
The orc high priest hits you with a +0 war axe!!
* * * LOW HITPOINT WARNING * * *
A demonic guardian appears!
The orc knight misses you. The neqoxec hits you!
* * * LOW HITPOINT WARNING * * *
Unknown command.
You puncture the orc high priest!
You touch the orc high priest!
The orc high priest is almost dead.
Your ogre hits the neqoxec with a +0 giant spiked club!
The neqoxec dies!
The neqoxec disappears in a puff of smoke!
Uskayaw links your audience in an emotional bond!
Unknown command.
You puncture the orc high priest!
You kill the orc priest!
You kill the orc high priest!
The sun demon disappears in a puff of smoke!
Unknown command.
You swap places.
The orc knight hits you with a +3 heavy great sword!!
You die...

............# ......#
............# ......#
............# .§....# #
............# ......# #
........)...## ......# ####
......)[#....# .....# ####.##
......[.##...####[...# ##.#...#
.......[[#....##§....# #......#
.......))##..)§O@o.#### ##.#....
....#...[[##..O.5)###.######.....
........[).##...####...##..#.....
....#..).[[.#######..............
.#.#........# ##....#.#........<
####........####^.....#..........
##.......#.#........#.........
####..............#.........#
#....#.#.......##.#.......


You could see an orc knight (pain bonded, ally target), 2 friendly ogres and a
friendly ufetubus (summoned).

Vanquished Creatures
  A fire dragon (Lair:5)
  A hydra (Lair:3)
  2 boulder beetles
  2 two-headed ogres (D:11)
  An alligator (Lair:5)
  3 death yaks (Lair:3)
  3 orc high priests (Orc:2)
  A skyshark (Lair:4)
  Amaemon (Lair:1)
  A lindwurm (Lair:5)
  3 orc knights (Orc:2)
  4 orc sorcerers
  9 elephants
  8 black mambas
  2 molten gargoyles (Lair:5)
  An orange demon (Lair:1)
  13 cane toads
  A rime drake (Lair:1)
  5 komodo dragons
  4 trolls
  2 hornets
  Prince Ribbit (D:7)
  11 blink frogs
  24 dream sheep
  A spriggan (Lair:5)
  A wraith (D:9)
  30 yaks
  8 wyverns
  3 steam dragons
  7 basilisks
  4 vampire mosquitoes (D:11)
  A warg (Orc:1)
  3 acid dragons
  20 water moccasins
  4 hell hounds (Lair:5)
  15 orc warriors
  An ice beast (D:6)
  4 black bears
  7 ogres
  9 centaurs
  A phantom (D:4)
  7 wolves
  4 kobold brigands
  11 bullfrogs
  A gnoll sergeant (D:9)
  3 scorpions
  12 wights
  12 killer bees
  9 electric eels
  9 howler monkeys
  5 lava snakes (Lair:5)
  A hound (D:5)
  12 orc priests
  A jelly (D:4)
  2 sleepcaps
  2 gnoll boudas
  Terence (D:2)
  6 iguanas
  24 orc wizards
  Robin (D:2)
  13 gnolls
  2 adders
  A shadow imp (D:6)
  3 white imps
  An ufetubus (D:5)
  47 orcs
  4 bats
  10 endoplasms
  4 giant cockroaches (D:1)
  9 hobgoblins
  4 jackals
  22 kobolds
  4 quokkas
  8 ball pythons
  4 frilled lizards
  10 goblins
  6 rats
498 creatures vanquished.

Vanquished Creatures (collateral kills)
  3 death yaks (Lair:3)
  An orc knight (Orc:2)
  A black mamba (Lair:2)
  A komodo dragon (Lair:2)
  A blink frog (Lair:2)
  An orc warrior (Orc:2)
  A centaur (D:7)
  A wight (D:8)
  2 orc priests
  A gnoll (D:2)
  5 orcs
  An endoplasm (D:2)
  3 goblins (D:2)
  A quokka (D:1)
  A rat (D:2)
24 creatures vanquished.

Vanquished Creatures (others)
  3 vampire mosquitoes (D:11)
  An acid dragon (D:11)
  An iguana (D:7)
  2 goblins
  A jackal (D:1)
  28 fungi
  63 plants
99 creatures vanquished.

Grand Total: 621 creatures vanquished

Notes
Turn   | Place    | Note
-------+----------+-------------------------------------------
     0 | D:1      | Alarkh the Demonspawn Artificer began the quest for the
                  | Orb.
     0 | D:1      | Reached XP level 1. HP: 15/15 MP: 1/1
   138 | D:1      | Reached skill level 2 in Fighting
   162 | D:1      | Gained mutation: You are partially covered in razor-sharp
                  | scales. (AC +1, Slay +1) [demonic ancestry]
   162 | D:1      | Reached XP level 2. HP: 13/22 MP: 2/2
   621 | D:1      | Reached skill level 3 in Fighting
   689 | D:1      | Reached XP level 3. HP: 27/29 MP: 3/3
   747 | D:2      | Noticed Terence
   747 | D:2      | Found a blossoming altar of Fedhas.
   990 | D:2      | Killed Terence
   991 | D:2      | Reached skill level 4 in Fighting
   991 | D:2      | Gained mutation: A weak demonic guardian rushes to your
                  | aid. [demonic ancestry]
   991 | D:2      | Reached XP level 4. HP: 22/37 MP: 4/4
  1274 | D:2      | Noticed Robin
  1301 | D:2      | Killed Robin
  1395 | D:2      | Gained mutation: You are mostly covered in razor-sharp
                  | scales. (AC +2, Slay +2) [demonic ancestry]
  1395 | D:2      | Reached XP level 5. HP: 36/43 MP: 5/5
  1506 | D:2      | Found Rinuuhag's Distillery.
  1805 | D:3      | Reached skill level 5 in Fighting
  2557 | D:3      | Noticed an angel
  2566 | D:3      | Found a basalt altar of Yredelemnul.
  2720 | D:4      | Found a hazy altar of Hepliaklqana.
  2801 | D:4      | Found a bloodstained altar of Trog.
  2804 | D:4      | Found a blossoming altar of Fedhas.
  2931 | D:4      | Noticed a phantom
  2947 | D:4      | Reached skill level 6 in Fighting
  2947 | D:4      | Reached XP level 6. HP: 26/52 MP: 6/6
  3209 | D:4      | Found a large runed translucent door.
  3209 | D:4      | Found a large runed translucent door.
  3286 | D:4      | Found an ornate altar of the Wu Jian Council.
  3314 | D:4      | Reached skill level 7 in Fighting
  3543 | D:4      | Gained mutation: You regenerate a little health from kills.
                  | [demonic ancestry]
  3543 | D:4      | Reached XP level 7. HP: 56/60 MP: 7/7
  3944 | D:4      | Noticed MrCrawl's ghost (amateur DsNe)
  4026 | D:5      | Entered Level 5 of the Dungeon
  4222 | D:5      | Reached skill level 8 in Fighting
  4961 | D:5      | Reached skill level 1 in Dodging
  4961 | D:5      | Reached skill level 1 in Stealth
  5005 | D:5      | Found a sacrificial altar of Ru.
  5319 | D:6      | Found a staircase to the Ecumenical Temple.
  5367 | D:6      | Found a shimmering altar of Xom.
  5386 | D:6      | Reached XP level 8. HP: 69/69 MP: 8/8
  5390 | Temple   | Entered the Ecumenical Temple
  5390 | Temple   | Found a transporter.
  5390 | Temple   | Found a transporter.
  5392 | Temple   | Found a transporter.
  5392 | Temple   | Found a transporter.
  6420 | D:7      | Noticed Prince Ribbit
  6437 | D:7      | Killed Prince Ribbit
  6438 | D:7      | Reached skill level 9 in Fighting
  6544 | D:7      | Reached XP level 9. HP: 76/76 MP: 9/9
  6561 | D:7      | Found Qidoofok's Antique Armour Emporium.
  6640 | D:7      | Bought an ancient leather armour for 168 gold pieces
  6640 | D:7      | Identified the +3 leather armour of the Snake Pit {Str+5
                  | Int+2} (You bought it in a shop on level 7 of the Dungeon)
  6831 | D:7      | Noticed a komodo dragon
  6850 | D:7      | Killed a komodo dragon
  6851 | D:7      | Reached skill level 5 in Evocations
  7307 | D:8      | Found a hide-covered altar of Uskayaw.
  7321 | D:8      | Became a worshipper of Uskayaw the Reveller
  7394 | D:8      | Reached * piety under Uskayaw
  7438 | D:8      | Reached ** piety under Uskayaw
  7442 | D:8      | Reached *** piety under Uskayaw
  7446 | D:8      | Reached **** piety under Uskayaw
  7447 | D:8      | Reached skill level 1 in Invocations
  8115 | D:8      | Paralysed by a hornet for 1 turns
  8457 | D:8      | Reached skill level 5 in Stealth
  8517 | D:8      | Reached skill level 5 in Armour
  8630 | D:9      | Reached XP level 10. HP: 45/85 MP: 12/12
  9937 | D:9      | Reached skill level 5 in Dodging
  9993 | D:9      | Reached skill level 10 in Fighting
 10121 | D:9      | Found a staircase to the Orcish Mines.
 10293 | D:10     | Entered Level 10 of the Dungeon
 10865 | D:10     | Identified the +9 long sword "Olun" {protect, Fly rF++
                  | Int-2}
 11033 | D:10     | Found a shimmering blue altar of Sif Muna.
 11041 | D:10     | Found a sparkling altar of Nemelex Xobeh.
 11042 | D:10     | Found a broken altar of Ashenzari.
 11042 | D:10     | Found an ancient bone altar of Kikubaaqudgha.
 11325 | D:10     | Found a staircase to the Lair.
 11325 | D:10     | Noticed an elephant
 11367 | D:10     | Killed an elephant
 11368 | D:10     | Reached skill level 5 in Invocations
 11564 | D:10     | Reached ***** piety under Uskayaw
 11956 | D:11     | Found a runed translucent door.
 11961 | D:11     | Noticed diceflayer's ghost (journeyman DsHu)
 12042 | D:11     | Reached XP level 11. HP: 65/92 MP: 15/15
 12485 | D:11     | Noticed a two-headed ogre
 12517 | D:11     | Killed a two-headed ogre
 12807 | D:11     | Noticed a two-headed ogre
 12848 | D:11     | Killed a two-headed ogre
 12852 | D:11     | Reached ****** piety under Uskayaw
 13047 | D:11     | Found the ring of the Octopus King
 13056 | D:11     | Identified a ring of the Octopus King {HP+2 AC+2 EV+2 SH+2
                  | SInv}
 13428 | Lair:1   | Entered Level 1 of the Lair of Beasts
 13709 | Lair:1   | Noticed a boulder beetle
 13724 | Lair:1   | Killed a boulder beetle
 13725 | Lair:1   | Reached skill level 11 in Fighting
 14229 | Lair:1   | Noticed Amaemon
 14267 | Lair:1   | Killed Amaemon
 15237 | Lair:2   | Gained mutation: Your touch may inflict minor irresistible
                  | damage on your foes. [demonic ancestry]
 15237 | Lair:2   | Reached XP level 12. HP: 77/100 MP: 17/17
 15641 | Lair:2   | Found a staircase to the Snake Pit.
 15644 | Lair:2   | Identified the +0 hat of Uskayaw's Generosity {rPois rF+
                  | Str+2 Dex-2}
 15670 | Lair:2   | Reached skill level 1 in Short Blades
 16297 | Lair:2   | Reached skill level 5 in Short Blades
 16779 | Lair:3   | Found a staircase to the Shoals.
 16832 | Lair:3   | Got the Vademecum on Curses
 17052 | Lair:3   | Noticed a death yak
 17052 | Lair:3   | Noticed a death yak
 17053 | Lair:3   | Noticed a death yak
 17054 | Lair:3   | Noticed a death yak
 17054 | Lair:3   | Noticed a death yak
 17055 | Lair:3   | Noticed a death yak
 17076 | Lair:3   | Killed a death yak
 17081 | Lair:3   | Killed a death yak
 17085 | Lair:3   | Killed a death yak
 17092 | Lair:3   | Killed a death yak
 17097 | Lair:3   | Killed a death yak
 17103 | Lair:3   | Killed a death yak
 17104 | Lair:3   | Gained mutation: Your touch may inflict irresistible damage
                  | on your foes. [demonic ancestry]
 17104 | Lair:3   | Reached XP level 13. HP: 57/106 MP: 18/18
 18229 | Lair:4   | Reached skill level 10 in Short Blades
 18712 | Lair:4   | Found a staircase to the Slime Pits.
 18714 | Lair:4   | Found a viscous altar of Jiyva.
 18887 | Lair:5   | Entered Level 5 of the Lair of Beasts
 19140 | Lair:5   | Reached skill level 1 in Unarmed Combat
 19212 | Lair:5   | Identified the +4 flail of Earthquakes {heavy, rElec SInv}
 20402 | Lair:5   | Noticed a fire dragon
 20416 | Lair:5   | Found a large runed translucent door.
 20416 | Lair:5   | Found a large runed translucent door.
 20494 | Lair:5   | Reached XP level 14. HP: 74/114 MP: 21/21
 21303 | Orc:1    | Entered Level 1 of the Orcish Mines
 21303 | Orc:1    | You are sucked into a shaft and drop 1 floor!
 21303 | Orc:2    | Entered Level 2 of the Orcish Mines
 21498 | Orc:2    | Found a staircase to the Elven Halls.
 21517 | Orc:2    | Found Niryanets's Book Emporium.
 23261 | Orc:2    | Reached skill level 12 in Fighting
 23272 | Orc:2    | Paralysed by an orc sorcerer for 2 turns
 23283 | Orc:2    | Gained mutation: You sometimes lose your temper in combat.
                  | [a neqoxec]
 23298 | Orc:2    | Slain by an orc knight

Illustrated notes

Levels and vault maps discovered:
D:1:      dpeg_arrival_windows_large_door, layout_rooms,
          ebering_dispersal_statue_hall, serial_bayou_lagoon_a
D:2:      layout_basic, basic_altar, serial_shops, shop, kennysheep_path_1,
          uniq_robin, uniq_terence
D:3:      layout_basic, grunt_temple_overflow_holy_war
D:4:      layout_gridville, lemuel_crystal_altar, nzn_hepliaklqana_mist_gate,
          fedhas_altar_3, lemuel_round_altar, ebering_ghost_disaster_area,
          supply_closet_lemuel, chequers_big_river,
          kennysheep_opposing_triangles
D:5:      layout_layer_cave, nicolae_ru_awakened_eye
D:6:      layout_basic, mainiacjoe_overflow_cross_hatched,
          minmay_temple_entry_statues_pillars
D:7:      layout_loops_ring, serial_shops, nicolae_diamond_shop, minivault_26,
          minmay_lizard_king, uniq_prince_ribbit1
D:8:      layout_cave_pods, nicolae_uskayaw_murder_on_the_dancefloor
D:9:      layout_loops_corners, orc_0_dummy
D:10:     layout_basic, minitemple, david_lair_generic
D:11:     kennysheep_ambush_hall, layout_basic, serial_corexii_hall,
          corexii_hall_statues_i, corexii_hall_statues_u, gammafunk_ghost_grave
Temple:   hellmonk_temple_divided_pantheon
Lair:1:   layout_misc_corridors, serial_bayou_pond_a, disabler_island,
          serial_bayou_shore_a, serial_bayou_shore_b, grunt_megastairs_2,
          infiniplex_staircase_pool_2, uniq_amaemon
Lair:2:   layout_chaotic_city, minmay_snake_entry_six_corridors,
          chequers_serial_rivers_micro_b, guppyfry_lair_drakes
Lair:3:   layout_loops_ring, minmay_shoals_entry_centaurs
Lair:4:   layout_regular_city, slime_entry_1, lemuel_fruit_tree
Lair:5:   cheibrodos_lair_end_hotspot, layout_loops_ring,
          chequers_serial_rivers_large_a, nicolae_quartered_pool_little,
          grunt_forest_large_clearing_hut
Orc:1:    layout_diamond_mine
Orc:2:    grunt_orc_tribal_feast, layout_caves, serial_shops,
          nicolae_shop_hallway_plus

Skill      XL: |  1  2  3  4  5  6  7  8  9 10 11 12 13 14 |
---------------+-------------------------------------------+-----
Fighting       | 2 3 4 6 7 8 9 10 11 12 | 12.0
Dodging        | 1 3 4 5 7 8 |  8.1
Stealth        | 2 3 5 6 7 8 |  8.9
Armour         | 2 3 5 6 7 8 |  8.3
Evocations     | 4 5 7 8 9 |  9.3
Invocations    | 3 5 7 9 |  9.8
Short Blades   | 9 10 11 | 11.0
Unarmed Combat | 2 |  2.8

Action                     |  1- 3 |  4- 6 |  7- 9 | 10-12 | 13-15 || total
---------------------------+-------+-------+-------+-------+-------++-------
  Melee: Club              |    18 |       |       |       |       ||    18
         Short sword       |   103 |       |       |       |       ||   103
         Punch             |     3 |     2 |     6 |    14 |    11 ||    36
         Dagger            |    15 |   179 |    70 |   304 |   616 ||  1184
         Spear             |       |       |   279 |   351 |       ||   630
         Long sword        |       |       |       |   101 |   151 ||   252
         Touch             |       |       |       |    65 |   178 ||   243
   Fire: Shortbow          |       |       |    38 |     3 |       ||    41
         Arbalest          |       |       |       |     7 |       ||     7
 Invoke: Line Pass         |       |       |       |       |    10 ||    10
  Evoke: Wand              |     3 |     9 |     4 |    19 |       ||    35
    Use: Scroll            |       |     7 |     5 |    16 |     9 ||    37
         Potion            |       |       |       |     3 |     4 ||     7
   Stab: Sleeping          |     2 |     3 |    10 |    14 |    12 ||    41
         Distracted        |       |     1 |       |     3 |     2 ||     6
         Paralysed         |       |       |     3 |    47 |    39 ||    89
         Confused          |       |       |       |       |     5 ||     5
 Armour: Leather armour    |    49 |    22 |    56 |   118 |       ||   245
         Animal skin       |       |    43 |    74 |       |       ||   117
         Steam dragon scal |       |       |    22 |       |       ||    22
         Acid dragon scale |       |       |       |   226 |   201 ||   427
  Dodge: Dodged            |    81 |    91 |   277 |   519 |   358 ||  1326
  Block: Other             |       |       |       |     9 |    94 ||   103
